 Dungeon Crawl Stone Soup version 0.30-a0-800-g7c544603b3 (webtiles) character file.

Game seed: 12869728620724189668

356 jlumianski the Chopper (level 6, -1/43 (48) HPs)
             Began as a Demonspawn Fighter on Feb 21, 2023.
             Slain by a wight
             ... wielding a +4 battleaxe
              (12 damage)
             ... in an ossuary.
             The game lasted 00:13:41 (2734 turns).

jlumianski the Chopper (Demonspawn Fighter)         Turns: 2734, Time: 00:13:42

HP:   -1/43 (48)    AC:  9    Str: 24    XL:     6   Next: 36%
MP:   6/6           EV:  9    Int: 10    God:
Gold: 98            SH:  4    Dex: 12    Spells: 5/5 levels left

rFire   . . .      SeeInvis .    a - +0 war axe
rCold   . . .      Faith    .    c - +0 buckler
rNeg    . . .      Spirit   .    b - +0 scale mail
rPois   .          Reflect  .    (no helmet)
rElec   .          Harm     .    (no cloak)
rCorr   .          Rampage  .    (no gloves)
Will    .....                    (no boots) Stlth
                                 (no amulet)
HPRegen 0.27/turn                g - +6 ring of strength
MPRegen 0.10/turn                (no ring)

@: heavily drained
A: yellow scales 1, foul stench 1, demonic magic 2
a: no special abilities


You were in an ossuary.
You visited 1 branch of the dungeon, and saw 4 of its levels.
You also visited: Ossuary.

You collected 98 gold pieces.

Inventory:

Hand Weapons
 a - a +0 war axe (weapon)
Missiles
 j - 16 stones
 q - 10 poisoned darts (quivered)
 y - a throwing net
Armour
 b - a +0 scale mail (worn)
 c - a +0 buckler (worn)
 o - a +0 cloak
Jewellery
 g - a +6 ring of strength (left hand)
Wands
 B - a wand of charming (3)
Scrolls
 e - a scroll of summoning
 h - a scroll of silence
 i - a scroll of enchant weapon
 k - a scroll of fog
 l - 3 scrolls of immolation {unknown}
 m - 6 scrolls of teleportation
 n - a scroll of vulnerability {unknown}
 r - a scroll of brand weapon {unknown}
 t - a scroll of magic mapping {unknown}
 u - a scroll of amnesia {unknown}
 w - a scroll of torment {unknown}
 A - a scroll of poison {unknown}
Potions
 d - a potion of might
 p - a potion of brilliance
 s - 3 potions of curing {unknown}
 v - a potion of degeneration
 x - 2 potions of heal wounds {unknown}
 C - a potion of resistance


   Skills:
 + Level 4.0 Fighting
 + Level 4.4 Axes
 + Level 3.7 Armour
 + Level 0.9 Dodging
 + Level 0.2 Stealth
 + Level 3.3 Shields


You had 5 spell levels left.
You didn't know any spells.
Your spell library contained the following spells:

 Spells                   Type           Power      Damage    Failure   Level
 Gell's Gravitas          Tloc           0%         N/A       98%         3
 Teleport Other           Tloc           0%         N/A       98%         3
 Dispersal                Tloc           0%         N/A       100%        6


Dungeon Overview and Level Annotations

Branches:
Dungeon (4/15)            Ossuary (1/1)
 Temple: D:4-7

Altars:


Innate Abilities, Weirdness & Mutations

You are partially covered in yellow scales. (AC +2)
You may rarely emit foul miasma when damaged in melee.
Spells you cast may paralyse nearby enemies.


Message History

You feel yourself speed up.
You start resting.
HP restored.
You open the door.
A wight comes into view. It is wielding a +4 battleaxe.
You barely miss the wight. You block the wight's attack.
You hit the wight.
The wight is lightly damaged.
The wight barely misses you.
You hit the wight but do no damage.
The wight is lightly damaged.
The wight closely misses you. The wight hits you with a +4 battleaxe.
You feel drained.
You barely miss the wight.
The wight is lightly damaged.
You block the wight's attack.
You slash the wight!
The wight is heavily damaged.
The wight barely misses you.
You closely miss the wight.
The wight is heavily damaged.
The wight barely misses you. You block the wight's attack.
You completely miss the wight.
The wight is heavily damaged.
The wight completely misses you.
You completely miss the wight.
The wight is heavily damaged.
The wight hits you with a +4 battleaxe!
You feel drained.
You closely miss the wight.
The wight is heavily damaged.
The wight hits you with a +4 battleaxe.
You closely miss the wight.
The wight is heavily damaged.
The wight hits you with a +4 battleaxe.
You feel drained. The wight hits you with a +4 battleaxe!
* * * LOW HITPOINT WARNING * * *
You hit the wight.
The wight is severely damaged.
The wight hits you with a +4 battleaxe!
You die...

#.###.....###.#
#.#z#.....#z#.#
#.###.....###.#
#.............#
#.............#
#.###.###.###.#
#.#.#.# #.# .#
#.z##.###.##+.#
#.@...........#
#######'#######
#.# ###.###
#W▓.▓z# ###.###
#.# #'# #.#


You could see a wight.

Vanquished Creatures
  A wraith (Ossuary)
  2 wights (Ossuary)
  A mummy (D:4)
  4 adders (D:2)
  2 worms (D:2)
  A dart slug (D:1)
  2 ball pythons (D:1)
  3 endoplasms (D:1)
  3 giant cockroaches
  3 goblins
  2 hobgoblins
  7 jackals
  A quokka (D:1)
  6 bats
  A frilled lizard (D:1)
  4 hobgoblin skeletons (Ossuary)
  6 kobolds
  2 kobold zombies (Ossuary)
  3 orc zombies (Ossuary)
  2 rats (D:2)
56 creatures vanquished.

Notes
Turn   | Place    | Note
-------+----------+-------------------------------------------
     0 | D:1      | jlumianski the Demonspawn Fighter began the quest for the
                  | Orb.
     0 | D:1      | Reached XP level 1. HP: 18/18 MP: 1/1
   192 | D:1      | Gained mutation: You may rarely emit foul miasma when
                  | damaged in melee. [demonic ancestry]
   192 | D:1      | Reached XP level 2. HP: 24/24 MP: 2/2
  1128 | D:2      | Gained mutation: You are partially covered in yellow
                  | scales. (AC +2) [demonic ancestry]
  1128 | D:2      | Reached XP level 3. HP: 29/29 MP: 3/3
  1774 | D:2      | Reached XP level 4. HP: 36/37 MP: 4/4
  2233 | D:4      | Found a sand-covered staircase.
  2248 | Ossuary  | Entered an ossuary
  2343 | Ossuary  | Gained mutation: Spells you cast may paralyse adjacent
                  | enemies. [demonic ancestry]
  2343 | Ossuary  | Reached XP level 5. HP: 42/42 MP: 5/5
  2370 | Ossuary  | Noticed a wraith
  2370 | Ossuary  | Noticed a flying skull
  2395 | Ossuary  | Noticed a flying skull
  2403 | Ossuary  | Noticed a flying skull
  2432 | Ossuary  | HP: 1/34 [wight/+3 long sword (2)]
  2580 | Ossuary  | Noticed a flying skull
  2582 | Ossuary  | Noticed a wraith
  2592 | Ossuary  | Killed a wraith
  2593 | Ossuary  | Gained mutation: Spells you cast may paralyse nearby
                  | enemies. [demonic ancestry]
  2593 | Ossuary  | Reached XP level 6. HP: 9/48 MP: 6/6
  2734 | Ossuary  | Slain by a wight

Illustrated notes

Levels and vault maps discovered:
D:1:      scummos_arrival_simple_fountains, layout_loops_corners
D:2:      layout_rooms, serial_co_window_serial, co_window_paths_b,
          co_window_paths_a, co_window_corner_a, co_window_corner_a,
          co_window_paths_b, co_window_paths_b, co_window_paths_a,
          co_window_corner_cb, co_window_of_opportunity_c, co_window_2corner,
          co_window_paths_c, co_window_2corner, co_window_of_opportunity_c,
          glass_columns_c, glass_columns_b, glass_columns_b, glass_columns_b
D:3:      layout_loops_ring, minmay_tree_intersection
D:4:      layout_loops_corners, gup_ossuary_entry_pyramid,
          uniq_crazy_yiuf_cottage, uniq_sigmund
Ossuary:  ossuary_due_cavern

Skill      XL: |  1  2  3  4  5 |
---------------+----------------+-----
Axes           | 2 3 4 |  4.4
Armour         | 3 |  3.7
Shields        | 3 |  3.3
Fighting       | 4 |  4.0
Dodging        | |  0.9
Stealth        | |  0.2

Action                     |  1- 3 |  4- 6 || total
---------------------------+-------+-------++-------
  Melee: War axe           |   108 |    74 ||   182
  Throw: Stone             |       |     3 ||     3
    Use: Scroll            |       |     8 ||     8
         Potion            |       |     2 ||     2
 Armour: Scale mail        |    73 |    16 ||    89
  Dodge: Dodged            |    47 |    37 ||    84
  Block: Buckler           |    29 |    19 ||    48

Table legend: (Time is in decaauts)
 A = Elapsed time spent in this place.
 B = Non-inter-level travel time spent in this place.
 C = Inter-level travel time spent in this place.
 D = Time resting spent in this place.
 E = Time spent auto-exploring this place.
 F = Levels seen in this place.
 G = Mean time per level.
                   A        B        C        D        E       F      G
               +--------+--------+--------+--------+--------+-----+--------+
         Total |   2854 |   2756 |     98 |    267 |   1398 |   5 |  570.8 |
       Dungeon |   2307 |   2209 |     98 |      0 |   1357 |   4 |  576.8 |
       Ossuary |    546 |    546 |      0 |    267 |     41 |   1 |  546.0 |
               +--------+--------+--------+--------+--------+-----+--------+

Top non-repeatable levels by time:
     D:1: 1049 daAuts
     D:2: 1044 daAuts
 Ossuary: 546 daAuts
     D:3: 152 daAuts
     D:4: 61 daAuts
